 Dungeon Crawl Stone Soup version 0.13.0-9-gbc74161 (webtiles) character file.

125 HungrySpirit the Magician (level 3, 0/19 HPs)
             Began as a Deep Elf Fire Elementalist on Oct 17, 2013.
             Hit by a stone thrown by Ijyb (4 damage)
             ... on Level 2 of the Dungeon.
             The game lasted 00:04:37 (1615 turns).

HungrySpirit the Magician (DEFE)                    Turns: 1615, Time: 00:04:37

HP   0/19        AC  2     Str  6      XL: 3   Next: 80%
MP   2/11        EV 13     Int 19      God:
Gold 65          SH  0     Dex 15      Spells:  2 memorised,  6 levels left

Res.Fire  : . . .   See Invis. : .   m - +1 short sword
Res.Cold  : . . .   Warding    : .   a - +0 elf robe
Life Prot.: . . .   Conserve   : .   (no shield)
Res.Poison: .       Res.Corr.  : .   (no helmet)
Res.Elec. : .       Clarity    : .   (no cloak)
Sust.Abil.: . .     Spirit.Shd : .   (no gloves)
Res.Mut.  : .       Stasis     : .   (no boots)
Res.Rott. : .       Flight     : .   (no amulet)
Saprovore : . . .                    (no ring)
                                     (no ring)

@: slightly resistant to hostile enchantments, fairly stealthy
A: no striking features
a: no special abilities


You were on level 2 of the Dungeon.
You were very hungry.

You visited 1 branch of the dungeon, and saw 2 of its levels.

You collected 45 gold pieces.

Inventory:

Hand weapons
 m - a +1,+1 short sword (weapon)
Armour
 a - a +0 elven robe (worn)
Comestibles
 c - 2 bread rations
 i - a meat ration
Scrolls
 d - a scroll of curse weapon {unknown}
 f - a scroll of blinking {unknown}
 g - 3 scrolls of fog {unknown}
 h - 2 scrolls of remove curse {unknown}
 k - 3 scrolls of identify {unknown}
 p - a scroll of teleportation {unknown}
Potions
 e - 4 potions of curing {unknown}
 j - a potion of degeneration {unknown}
 l - 3 potions of flight {unknown}
 n - a potion of slowing {unknown}
 o - a potion of restore abilities {unknown}
Books
 b - a book of Flames

   Spells                             Type                      Level
   *Flame Tongue                      Conjuration/Fire             1
   Throw Flame                        Conjuration/Fire             2
   *Conjure Flame                     Conjuration/Fire             3
   Inner Flame                        Hexes/Fire                   3
   Sticky Flame                       Conjuration/Fire             4
   Fireball                           Conjuration/Fire             5


   Skills:
 - Level 2.4 Dodging
 - Level 2.4 Stealth
 * Level 4.0 Spellcasting
 + Level 2.5 Conjurations
 - Level 3.2 Fire Magic


You had 6 spell levels left.
You knew the following spells:

 Your Spells              Type           Power        Failure   Level  Hunger
a - Flame Tongue          Conj/Fire      ###..        6%          1    None
b - Conjure Flame         Conj/Fire      ###.....     14%         3    ###....


Dungeon Overview and Level Annotations

Branches:
Dungeon (2/27)

Altars:

Annotations:
D:2 Ijyb


Message History

Press: ? - help, Shift-Dir - straight line, f/p - Ijyb
Aim: Ijyb, wielding a dagger (heavily wounded)
The flame hits Ijyb.
Ijyb is heavily wounded.
Ijyb screams, "I dance on your bones!"
Ijyb picks up a dagger.
There is an open door here.
Ijyb throws a dagger.
The dagger misses you.
Casting: Flame Tongue
Confirm with . or Enter, or press ? or * to list all spells.
You can't see any susceptible monsters within range! (Use Z to cast anyway.) Unknown command.
Ijyb throws a stone.
The stone misses you.
Ijyb throws a stone.
The stone hits you!
* * * LOW HITPOINT WARNING * * *
Ijyb screams, "Me kill you!"
Ijyb throws a stone.
The stone misses you.
Your magical contamination has completely faded away.
Ijyb throws a stone.
The stone hits you!
You die...

######### #.......# ###########
#.......# ######
#.........###.......# ###.....
#...........#.......# #.'.....
#........(#g#.......# ###.#.....
.#.........#.#.......# #...#.....
.#.........#g#.......###.###.....
...........#.'..@....'...# #..[..
##.........###.....(.##### #.....
#.........# ######+## #.....
###.####### #..... #...# ##...#
###.# ####.) #####'## #.....
#......# #..... #......# #.....


You could see Ijyb.

Vanquished Creatures
  Jessica (D:2)
  An inept feature mimic (D:1)
  3 giant geckos (D:1)
  2 giant cockroaches (D:1)
  A hobgoblin (D:1)
  6 jackals
  A kobold (D:1)
  6 bats
  4 giant newts
  5 goblins
  3 rats (D:1)
33 creatures vanquished.

Notes
Turn   | Place    | Note
--------------------------------------------------------------
     0 | D:1      | HungrySpirit, the Deep Elf Fire Elementalist, began the quest for the Orb.
     0 | D:1      | Reached XP level 1. HP: 10/10 MP: 4/4
   306 | D:1      | Reached XP level 2. HP: 12/15 MP: 3/7
  1250 | D:1      | Reached XP level 3. HP: 11/19 MP: 7/10
  1376 | D:2      | Learned a level 3 spell: Conjure Flame
  1477 | D:2      | Noticed Jessica
  1487 | D:2      | Killed Jessica
  1556 | D:2      | Noticed Ijyb
  1564 | D:2      | Reached skill level 4 in Spellcasting
  1615 | D:2      | Hit by a stone thrown by Ijyb

Action                   || total
-------------------------++-------
Melee: Mace              ||    19
       Short sword       ||    15
 Cast: Flame Tongue      ||    59
